General information
- name: BNet
- type: Ladder 1vs1/FFA
- host: Battle.net
- saver: The.Haunting
map: LostTemple
- players: 2
- length: 21:34
- speed: Fast
- version: 1.24 W3XP
- replay type: Public
» download(49 KB)
Players
team 1 (winner)

»
JayKellz (
teal | 31 APM | 659 actions | 21:34)
6 Death Knight
3 Death Coil
2 Unholy Aura
1 Animate Dead
» actions
| Assign group hotkey | 11 | |
| Basic commands | 11 | |
| Build / train | 57 | |
| Enter build submenu | 22 | |
| Enter hero's abilities submenu | 6 | |
| Remove unit from queue | 3 | |
| Right click | 202 | |
| Select / deselect | 288 | |
| Select group hotkey | 23 | |
| Use ability | 36 | |
659 total
» units
| Acolyte | 2 | |
| Ghoul | 5 | |
| Crypt Fiend | 8 | |
| Meatwagon | 2 | |
| Necromancer | 8 | |
| Obsidian Statue | 2 | |
27 total
» upgrades
| Creature Attack | 1 | |
| Necromancer Training | 2 | |
| Exhume Corpses | 1 | |
| Web | 1 | |
| Unholy Armor | 2 | |
| Skeletal Longevity | 1 | |
| Unholy Strength | 2 | |
| Creature Carapace | 2 | |
12 total
» buildings
| Altar of Darkness | 1 | |
| Graveyard | 1 | |
| Ziggurat | 6 | |
| Tomb of Relics | 1 | |
| Crypt | 1 | |
| Nerubian Tower | 3 | |
| Halls of the Dead | 1 | |
| Temple of the Damned | 8 | |
| Slaughterhouse | 1 | |
| Black Citadel | 1 | |
24 total
» build order
00:08 Altar of Darkness
00:19 Graveyard
00:34 Ziggurat
01:04 Tomb of Relics
01:20 Crypt
03:00 Nerubian Tower
03:23 Ziggurat
04:53 Halls of the Dead
05:35 Ziggurat
05:37 Nerubian Tower
06:37 Nerubian Tower
06:48 Ziggurat
07:34 Temple of the Damned
08:06 Slaughterhouse
08:17 Temple of the Damned
08:25 Temple of the Damned
08:30 Temple of the Damned
08:37 Temple of the Damned
08:43 Temple of the Damned
08:48 Temple of the Damned
09:05 Temple of the Damned
10:00 Ziggurat
12:36 Ziggurat
17:01 Black Citadel
» items
| Rod of Necromancy | 1 | |
| Dust of Appearance | 3 | |
4 total
team 2 (loser)
The.Haunting (
blue | 35 APM | 754 actions | 21:34)
2 Death Knight
1 Death Coil
1 Unholy Aura
» actions
| Assign group hotkey | 2 | |
| Build / train | 95 | |
| Enter build submenu | 18 | |
| Enter hero's abilities submenu | 2 | |
| Remove unit from queue | 1 | |
| Right click | 310 | |
| Select / deselect | 257 | |
| Select group hotkey | 48 | |
| Use ability | 21 | |
754 total
» units
» buildings
| Graveyard | 1 | |
| Crypt | 1 | |
| Altar of Darkness | 1 | |
| Ziggurat | 7 | |
| Nerubian Tower | 1 | |
| Halls of the Dead | 1 | |
| Spirit Tower | 6 | |
| Sacrificial Pit | 5 | |
| Necropolis | 2 | |
25 total
» build order
00:07 Graveyard
00:11 Crypt
00:43 Altar of Darkness
00:57 Ziggurat
01:34 Ziggurat
01:59 Nerubian Tower
02:59 Halls of the Dead
03:14 Ziggurat
03:39 Spirit Tower
03:56 Ziggurat
04:49 Ziggurat
04:51 Spirit Tower
05:17 Spirit Tower
05:27 Sacrificial Pit
06:02 Spirit Tower
06:32 Ziggurat
07:10 Necropolis
09:16 Sacrificial Pit
09:30 Sacrificial Pit
10:05 Spirit Tower
10:08 Ziggurat
11:08 Spirit Tower
12:45 Necropolis
13:29 Sacrificial Pit
14:36 Sacrificial Pit
Chat log
(19:15 / All) JayKellz: omg lol
(19:15 / All) The.Haunting: BOO
(19:20 / All) The.Haunting: YOU HAVE BEEN HAUNTED
(19:33 / All) JayKellz: haha thankyou
(19:40 / All) The.Haunting: i suggest more dust
(20:59 / All) The.Haunting: STILL MY MINIONS COME
(21:08 / All) JayKellz: lmao
(21:30 / All) The.Haunting: HAUNTING COMPLETE